AoeStats
← De1moS

Arabia

512210413Analyzed
1v1 RM · 9d ago on Oct 8, 2026· 24m 29s· 2 players
Game mode
Random Map
Map size
Tiny (2 player)
Population
200
Speed
Normal
Resources
Standard
Victory
Conquest
Starting age
Dark Age
Ending age
Imperial Age
RankedLock teamsTeams togetherTeam positionsShared explorationLock speedFull tech treeHidden civsTurbo modeCheats
Victory
Defeat
🇹🇭 Malay · Thailand
1157
+17
vs
🇮🇳 Magyars · India
1169
-17
Jontelang
11:37 Feudal Age
16:38 Castle Age
17:58 Husbandry
De1moS
6:45 Loom
9:05 Feudal Age
12:19 Double-Bit Axe
21:11 Castle Age
21:10 Scale Mail Armor
21:16 Scale Barding Armor
21:19 Pikeman
22:16 Chain Mail Armor
Connection lost

Rejoining the realm…

Still unreachable

The connection could not be restored.

Session expired

The server has moved on; the page needs a fresh start.